 Dungeon Crawl Stone Soup version 0.26.0-10-g1f06aea511 (webtiles) character file.

Game seed: 2707247186259791485

13070 loralnil the Frost Mage (level 11, -2/74 HPs)
             Began as a White Draconian Ice Elementalist on Jan 15, 2021.
             Was an Elder of Sif Muna.
             Slain by a manticore (22 damage)
             ... on level 12 of the Dungeon.
             The game lasted 00:32:03 (12898 turns).

loralnil the Frost Mage (DrIE)                     Turns: 12898, Time: 00:32:04

Health: -2/74      AC: 22    Str: 12    XL:     11   Next: 70%
Magic:  8/22       EV: 16    Int: 18    God:    Sif Muna [****..]
Gold:   539        SH:  0    Dex: 13    Spells: 10/25 levels left

rFire    + . .     SeeInvis +   u - +3 demon trident
rCold    + . .     Faith    .   (no shield)
rNeg     . . .     Spirit   .   (armour unavailable)
rPois    +         Reflect  .   (helmet restricted)
rElec    .         Harm     .   i - +0 cloak {rPois}
rCorr    .         Rampage  .   s - +1 pair of gloves
Will     .....                  j - +2 pair of boots {run}
Stlth    ++++......             (no amulet)
HPRegen  0.22/turn              E - ring of Qaogh {Dex+2 SInv}
MPRegen  0.18/turn              r - ring of protection from fire

@: icy armour, frozen ramparts, quick
A: breathe frost, unfitting armour, cold resistance 1, cold-blooded, AC +7
a: Breathe Frost, Renounce Religion, Channel Magic, Forget Spell, Divine
Exegesis


You were on level 12 of the Dungeon.
You worshipped Sif Muna.
Sif Muna was greatly pleased with you.
You visited 1 branch of the dungeon, and saw 12 of its levels.
You visited 1 bazaar.

You collected 539 gold pieces.

Inventory:

Hand Weapons
 u - a +3 demon trident (weapon)
 D - a +4 spear of freezing
Armour
 i - a +0 cloak of poison resistance (worn)
 j - a +2 pair of boots of running (worn)
 s - a +1 pair of gloves (worn)
Jewellery
 r - a ring of protection from fire (right hand)
 E - the ring of Qaogh (left hand) {Dex+2 SInv}
   (You found it on level 9 of the Dungeon)

   [ring of see invisible]

   It affects your dexterity (+2).
   It lets you see invisible.
 F - a +4 ring of evasion
Wands
 n - a wand of paralysis (17)
 w - a wand of polymorph (19)
 y - a wand of flame (48)
Scrolls
 b - a scroll of fog {unknown}
 d - 4 scrolls of amnesia
 e - 9 scrolls of remove curse
 k - 2 scrolls of enchant weapon {unknown}
 l - 2 scrolls of immolation {unknown}
 m - 4 scrolls of magic mapping
 p - 2 scrolls of blinking {unknown}
 q - 6 scrolls of teleportation
 C - 2 scrolls of enchant armour {unknown}
 G - a scroll of noise {unknown}
Potions
 a - 2 potions of ambrosia
 c - 8 potions of curing
 f - 4 potions of haste
 g - 3 potions of lignification
 h - a potion of berserk rage
 t - a potion of attraction
 v - a potion of degeneration {unknown}
 x - a potion of flight {unknown}
 z - a potion of mutation {unknown}
 A - 3 potions of resistance
 B - 3 potions of might
 H - a potion of invisibility


   Skills:
 - Level 0.1 Short Blades
 + Level 6.9 Polearms
 + Level 7.4 Dodging
 + Level 8.0 Stealth
 + Level 7.6 Spellcasting
 + Level 4.8 Summonings
 + Level 12.6 Ice Magic


You had 10 spell levels left.
You knew the following spells:

 Your Spells              Type           Power        Failure   Level
a - Freeze                Ice            100%         1%          1
b - Frozen Ramparts       Ice            100%         1%          3
c - Ozocubu's Armour      Ice            51%          1%          3
d - Hailstorm             Conj/Ice       29%          8%          4
e - Summon Ice Beast      Ice/Summ       38%          2%          4

Your spell library contained the following spells:

 Spells                   Type           Power        Failure   Level
 Corona                   Hex            6%           10%         1
 Slow                     Hex            6%           16%         2
 Ignite Poison            Fire/Tmut/Pois 6%           30%         3
 Inner Flame              Hex/Fire       6%           30%         3
 Portal Projectile        Hex/Tloc       12%          30%         3
 Cause Fear               Hex            3%           69%         4
 Leda's Liquefaction      Hex/Erth       3%           69%         4
 Fireball                 Conj/Fire      3%           95%         5
 Starburst                Conj/Fire      3%           100%        6
 Ignition                 Fire           3%           100%        8


Dungeon Overview and Level Annotations

Branches:
Dungeon (12/15)            Temple (0/1) D:4            Lair (0/6) D:8
    Orc: D:9-12

Altars:
Elyvilon
Makhleb
Nemelex Xobeh
Okawaru
Qazlal
Ru
Sif Muna
Trog
Uskayaw
Xom
Beogh

Shops:
D:7 [   D:9 (

Annotations:
D:6 3 runed translucent doors, emiel's ghost, novice DsWn


Innate Abilities, Weirdness & Mutations

You can breathe waves of freezing cold.
You can buffet flying creatures when you breathe cold.
Your icy white scales are hard. (AC +7)
You cannot fit into any form of body armour.
Your flesh is cold resistant. (rC+)
You are cold-blooded and may be slowed by cold attacks.


Message History

Sif Muna accepts your kill.
The troll leather armour is intact enough to wear.
The wall freezes the manticore!
You hit the manticore.
The manticore is moderately wounded.
Your ice beast hits the manticore but does no damage.
The wall freezes the manticore.
The manticore closely misses you. The manticore misses you.
The manticore claws you.
* * * LOW HITPOINT WARNING * * *
Unknown command.
You closely miss the manticore.
The manticore is moderately wounded.
Your ice beast closely misses the manticore.
The wall freezes the manticore!
The manticore barely misses you. The manticore completely misses you.
The manticore misses you.
You hit the manticore.
The manticore is heavily wounded.
Your ice beast hits the manticore but does no damage.
The wall freezes the manticore.
The manticore bites you!!
You die...

############# ####
.........#.. #..###
..##.##.... .....# ..#
#... .... .###########
######
..##(##....###....##
..##.##..)).#......##
...(.....#.....#@†..#
#################H..#...
.Y###.. #..# ..# .## . .


You could see a manticore and a friendly ice beast (summoned).

Vanquished Creatures
  Erica (D:8)
  3 two-headed ogres
  Sonja (D:10)
  The ghost of tsouns the Thaumaturge, a novice SpIE of Gozag (D:9)
  An ugly thing (D:11)
  A cyclops (D:12)
  A manticore (D:11)
  A yaktaur (D:12)
  A komodo dragon (D:8)
  An efreet (D:12)
  5 trolls
  Prince Ribbit (D:5)
  Sigmund (D:5)
  6 yaks (D:10)
  A basilisk (shapeshifter) (D:12)
  3 water moccasins
  A black bear (D:8)
  3 orc warriors
  4 ice beasts
  2 sky beasts
  2 phantoms
  4 ogres
  A necrophage (D:11)
  8 centaurs
  A big kobold (D:10)
  5 bullfrogs
  A scorpion (D:11)
  The ghost of MisterOstroum the Skirmisher, a weakling TrWr of Xom (D:4)
  A wyvern skeleton (D:10)
  10 wights
  3 killer bees (D:5)
  3 howler monkeys
  2 centaur zombies (D:8)
  A bullfrog zombie (D:12)
  A quasit (D:12)
  2 jellies (D:9)
  Crazy Yiuf (D:5)
  2 hounds
  4 orc priests
  A bullfrog skeleton (D:9)
  2 centaur skeletons
  7 orc wizards
  5 worker ants
  A killer bee zombie (D:10)
  A hound zombie (D:6)
  A hound skeleton (D:5)
  A howler monkey zombie (D:11)
  3 gnolls (D:3)
  9 adders
  A shadow imp (D:8)
  2 white imps
  An ufetubus (D:5)
  An ooze (D:3)
  3 worms
  2 dart slugs
  6 leopard geckos
  44 orcs
  6 bats
  5 giant cockroaches
  10 goblins
  8 hobgoblins
  5 jackals
  3 quokkas
  3 frilled lizards
  A jackal skeleton (D:5)
  A jackal zombie (D:5)
  7 kobolds
  8 rats
240 creatures vanquished.

Vanquished Creatures (collateral kills)
  A phantasmal warrior (D:12)
  2 ogres
  A scorpion (D:12)
  A wight (D:11)
  A bullfrog zombie (D:9)
  2 orc wizards (D:9)
  2 orcs (D:9)
10 creatures vanquished.

Vanquished Creatures (others)
  3 plants (D:8)
3 creatures vanquished.

Grand Total: 253 creatures vanquished

Notes
Turn   | Place    | Note
-------+----------+-------------------------------------------
     0 | D:1      | loralnil the Draconian Ice Elementalist began the quest for
                  | the Orb.
     0 | D:1      | Reached XP level 1. HP: 14/14 MP: 3/3
    81 | D:1      | Found a shimmering altar of Xom.
   265 | D:1      | Reached XP level 2. HP: 13/20 MP: 1/5
   716 | D:2      | Identified a +2 pair of boots of running (You found it on
                  | level 2 of the Dungeon)
   796 | D:2      | Found a shimmering blue altar of Sif Muna.
   804 | D:2      | Became a worshipper of Sif Muna the Loreminder
   859 | D:2      | Reached XP level 3. HP: 25/26 MP: 1/6
   865 | D:2      | Learned a level 3 spell: Frozen Ramparts
  1416 | D:2      | Found a faded altar of an unknown god.
  1578 | D:3      | Reached XP level 4. HP: 33/33 MP: 5/8
  1804 | D:3      | Reached skill level 5 in Ice Magic
  1979 | D:3      | Reached XP level 5. HP: 34/38 MP: 6/9
  2081 | D:3      | Reached * piety under Sif Muna
  2689 | D:4      | Found a staircase to the Ecumenical Temple.
  2741 | D:4      | Noticed an ogre
  2748 | D:4      | Killed an ogre
  2749 | D:4      | Reached XP level 6. HP: 30/45 MP: 0/11
  2753 | D:4      | Learned a level 3 spell: Ozocubu's Armour
  2890 | D:4      | Noticed a sky beast
  2900 | D:4      | Killed a sky beast
  2901 | D:4      | Reached skill level 6 in Ice Magic
  3425 | D:4      | Found a runed translucent gate.
  3426 | D:4      | Found a runed translucent gate.
  3427 | D:4      | Found a runed translucent gate.
  3428 | D:4      | Noticed MisterOstroum's ghost (weakling TrWr)
  3457 | D:4      | Found a roughly hewn altar of Beogh.
  3486 | D:4      | Got a smoking spear
  3487 | D:4      | Identified the +5 spear "Decs" {speed, *Corrode rN++} (You
                  | found it on level 4 of the Dungeon)
  3733 | D:4      | Killed MisterOstroum's ghost
  3733 | D:4      | Reached ** piety under Sif Muna
  3734 | D:4      | Your scales start taking on an icy white colour.
  3734 | D:4      | Reached skill level 7 in Ice Magic
  3734 | D:4      | Reached XP level 7. HP: 37/50 MP: 3/12
  3734 | D:4      | Gained mutation: Your flesh is cold resistant. (rC+) [White
                  | Draconian growth]
  3964 | D:5      | Entered Level 5 of the Dungeon
  4204 | D:5      | Reached skill level 8 in Ice Magic
  4212 | D:5      | Reached skill level 1 in Polearms
  4323 | D:5      | Identified the +5 hunting sling of Fortitude {vorpal, rC+}
  4367 | D:5      | Noticed Sigmund
  4381 | D:5      | Killed Sigmund
  4382 | D:5      | Reached XP level 8. HP: 40/57 MP: 8/14
  4498 | D:5      | Found a bloodstained altar of Trog.
  4831 | D:5      | Noticed Prince Ribbit
  4870 | D:5      | Killed Prince Ribbit
  4871 | D:5      | Reached skill level 9 in Ice Magic
  5144 | D:5      | Found a runed translucent door.
  5145 | D:5      | Noticed Crazy Yiuf
  5153 | D:5      | Killed Crazy Yiuf
  5409 | D:6      | Found a runed translucent gate.
  5409 | D:6      | Found a runed translucent gate.
  5410 | D:6      | Found a runed translucent gate.
  5412 | D:6      | Noticed emiel's ghost (novice DsWn)
  5413 | D:6      | Identified the +5 dagger "Pyiwyulu" {chaos, *Rage rN+
                  | Int+4}
  5457 | D:6      | Found an iron altar of Okawaru.
  5638 | D:6      | Found a white marble altar of Elyvilon.
  5891 | D:6      | Reached *** piety under Sif Muna
  5898 | D:6      | Reached skill level 5 in Spellcasting
  6249 | D:7      | Found a stormy altar of Qazlal.
  6456 | D:7      | Found Zoapheaz's Armour Shoppe.
  6736 | D:7      | Reached skill level 5 in Stealth
  6736 | D:7      | Reached XP level 9. HP: 61/62 MP: 13/16
  6741 | D:7      | Learned a level 4 spell: Hailstorm
  6796 | D:8      | Reached skill level 10 in Ice Magic
  7090 | D:8      | Reached skill level 5 in Dodging
  7269 | D:8      | Found a staircase to the Lair.
  7269 | D:8      | Noticed a komodo dragon
  7283 | D:8      | Killed a komodo dragon
  7381 | D:8      | Noticed Erica
  7400 | D:8      | Killed Erica
  7675 | D:8      | Reached skill level 11 in Ice Magic
  7862 | D:9      | Noticed a two-headed ogre
  7874 | D:9      | Noticed a troll
  7875 | D:9      | Killed a two-headed ogre
  7876 | D:9      | Reached XP level 10. HP: 51/69 MP: 10/19
  8145 | D:8      | Learned a level 4 spell: Summon Ice Beast
  8147 | D:9      | Found a sacrificial altar of Ru.
  8203 | D:9      | Found a runed translucent gate.
  8267 | D:9      | Noticed tsouns's ghost (novice SpIE)
  8273 | D:9      | Found a runed translucent gate.
  8273 | D:9      | Found a runed translucent gate.
  8282 | D:9      | Found a burning altar of Makhleb.
  8332 | D:9      | Killed tsouns's ghost
  8333 | D:9      | Reached skill level 5 in Polearms
  8333 | D:9      | Reached skill level 1 in Summonings
  8354 | D:9      | Got a twitching wooden ring
  8355 | D:9      | Identified the ring of Qaogh {Dex+2 SInv} (You found it on
                  | level 9 of the Dungeon)
  8483 | D:9      | Noticed a two-headed ogre
  8495 | D:9      | Killed a two-headed ogre
  8558 | D:9      | Found a hide-covered altar of Uskayaw.
  8823 | D:9      | Found Dexeust's Weapon Shop.
  9248 | D:10     | Entered Level 10 of the Dungeon
  9311 | D:10     | Reached **** piety under Sif Muna
  9412 | D:10     | Noticed Sonja
 10061 | D:10     | Reached skill level 12 in Ice Magic
 10153 | D:10     | Killed Sonja
 10154 | D:10     | Reached XP level 11. HP: 56/74 MP: 3/21
 10900 | D:11     | Found a flickering gateway to a bazaar.
 10910 | Bazaar   | Entered a bazaar
 10910 | Bazaar   | Found Ylinearr's Antique Weapon Boutique.
 10910 | Bazaar   | Found Peufirph's Antique Armour Shop.
 10910 | Bazaar   | Found Xofor's Armour Shop.
 11294 | D:11     | Found a sparkling altar of Nemelex Xobeh.
 11564 | D:11     | Noticed a cyan ugly thing
 11581 | D:11     | Killed a cyan ugly thing
 12628 | D:12     | Noticed a two-headed ogre
 12638 | D:12     | Killed a two-headed ogre
 12860 | D:12     | Noticed a phantasmal warrior
 12871 | D:12     | Killed a phantasmal warrior
 12898 | D:12     | Slain by a manticore

Illustrated notes

Levels and vault maps discovered:
D:1:      evilmike_arrival_crescent, layout_rooms, xom_teletrap_fun
D:2:      layout_loops_cross, nicolae_overflow_crystal_walls,
          chequers_ecumenical_altar_island
D:3:      layout_rooms
D:4:      layout_loops_corners, lemuel_temple_firewalk_b,
          biasface_ghost_orc_armoury, nrook_uturn
D:5:      layout_cave_pods, trog_butcher_becter, uniq_sigmund,
          uniq_prince_ribbit1, uniq_crazy_yiuf_cottage
D:6:      layout_gridville, gammafunk_ghost_nasty_kobolds, basic_altar,
          okawaru_metal_pillars_1_2
D:7:      layout_basic, old_standard_altar, serial_shops, shop,
          minmay_misc_feat_iff
D:8:      layout_rooms, david_lair_shrubbed, uniq_erica
D:9:      layout_cave_pools, nicolae_ru_great_annihilating_truth,
          overflow_temple_1_default, serial_shops, kennysheep_mini_moat,
          gammafunk_ghost_split, abandoned_shop, corner_web_ring,
          makhleb_heckhound_becter
D:10:     layout_long_grid, uniq_sonja
D:11:     layout_stronghold, serial_shops, bzr_entry_water, basic_altar
D:12:     minmay_tile_spiral, layout_loops_ring, hiddenorc1_lemuel,
          serial_aquarium, aquarium_bridge_square [aquarium_subvault_bridge,
          aquarium_subvault_wall, aquarium_subvault_bridge,
          aquarium_subvault_wall], aquarium_window_2,
          aquarium_window_corridor_3, aquarium_view_2f, aquarium_view_2c,
          kennysheep_generic_room_3

Skill      XL: |  1  2  3  4  5  6  7  8  9 10 11 |
---------------+----------------------------------+-----
Dodging        | 2 3 4 5 6 7 |  7.4
Stealth        | 2 3 4 5 6 7 8 |  8.0
Ice Magic      | 5 7 8 9 11 12 | 12.6
Spellcasting   | 3 4 5 6 7 |  7.6
Polearms       | 1 3 4 6 |  6.9
Summonings     | 3 4 |  4.8
Short Blades   | |  0.1

Action                   |  1- 3 |  4- 6 |  7- 9 | 10-12 || total
-------------------------+-------+-------+-------+-------++-------
Melee: Dagger            |    14 |    31 |     1 |       ||    46
       Unarmed           |     1 |       |       |       ||     1
       Tailslap          |       |     1 |    14 |    16 ||    31
       Spear             |       |     1 |       |       ||     1
       Demon trident     |       |       |   138 |   290 ||   428
 Cast: Freeze            |    38 |    59 |    44 |    17 ||   158
       Frozen Ramparts   |     2 |    11 |    19 |    30 ||    62
       Ozocubu's Armour  |       |     2 |    14 |    27 ||    43
       Hailstorm         |       |       |     2 |     1 ||     3
       Summon Ice Beast  |       |       |       |    18 ||    18
  Use: Scroll            |     4 |     2 |     2 |     6 ||    14
       Potion            |       |       |       |     1 ||     1
 Stab: Sleeping          |     6 |     3 |     7 |     5 ||    21
       Paralysed         |       |       |       |     1 ||     1
       Distracted        |       |       |       |     1 ||     1
Armor: Skin              |    13 |    39 |    85 |   108 ||   245
Dodge: Dodged            |    27 |    53 |   127 |   270 ||   477
